General information
- name: BNet
- type: Ladder team game (AT/RT)
- host: Battle.net
- saver: FieldsOfRape
map: Deadlands
- players: 8
- length: 40:51
- speed: Fast
- version: 1.26 W3XP
- replay type: Public
» download(265 KB)
Players
team 1 (loser)

»
kylor (
green | 55 APM | 2245 actions | 40:51)
6 Archmage
3 Summon Water Elemental
2 Brilliance Aura
1 Mass Teleport
4 Blood Mage
2 Flame Strike
2 Siphon Mana
5 Paladin
3 Holy Light
2 Divine Shield
» actions
| Assign group hotkey | 23 | |
| Basic commands | 9 | |
| Build / train | 105 | |
| Enter build submenu | 35 | |
| Enter hero's abilities submenu | 15 | |
| Remove unit from queue | 11 | |
| Right click | 935 | |
| Select / deselect | 696 | |
| Select group hotkey | 302 | |
| Use ability | 114 | |
2245 total
» units
| Peasant | 16 | |
| Flying Machine | 17 | |
| Siege Engine | 6 | |
39 total
» upgrades
| Swords | 0 | |
| Plating | 3 | |
| Gunpowder | 3 | |
| Masonry | 2 | |
| Lumber Harvesting | 2 | |
| Flak Cannons | 1 | |
| Flying Machine Bombs | 1 | |
| Barrage | 1 | |
13 total
» buildings
| Lumber Mill | 2 | |
| Farm | 16 | |
| Altar of Kings | 1 | |
| Blacksmith | 2 | |
| Keep | 1 | |
| Town Hall | 6 | |
| Scout Tower | 7 | |
| Guard Tower | 3 | |
| Arcane Tower | 2 | |
| Castle | 1 | |
| Workshop | 4 | |
| Arcane Vault | 1 | |
46 total
» build order
00:26 Lumber Mill
00:37 Farm
00:52 Altar of Kings
01:07 Farm
01:56 Blacksmith
02:01 Blacksmith
04:07 Keep
04:39 Town Hall
04:49 Scout Tower
04:50 Scout Tower
04:52 Scout Tower
04:53 Scout Tower
05:16 Guard Tower
05:39 Scout Tower
05:42 Arcane Tower
06:14 Guard Tower
06:23 Scout Tower
06:28 Castle
06:49 Scout Tower
06:54 Arcane Tower
07:16 Guard Tower
08:40 Workshop
08:41 Workshop
08:58 Workshop
09:07 Farm
09:08 Farm
09:09 Farm
10:27 Lumber Mill
10:59 Farm
11:00 Farm
12:13 Farm
12:13 Farm
12:50 Farm
12:51 Farm
13:08 Arcane Vault
15:52 Workshop
20:08 Farm
20:29 Farm
20:30 Farm
20:42 Farm
20:42 Farm
23:11 Town Hall
25:00 Town Hall
25:19 Town Hall
25:33 Town Hall
34:49 Town Hall
» items
| Healing Salve | 1 | |
| Lesser Clarity Potion | 3 | |
| Scroll of Town Portal | 3 | |
| Orb of Fire | 1 | |
| Staff of Sanctuary | 1 | |
| Potion of Healing | 3 | |
12 total

»
Landser88 (
pink | 34 APM | 816 actions | 24:06)
6 Paladin
1 Holy Light
3 Devotion Aura
1 Divine Shield
1 Resurrection
» actions
| Assign group hotkey | 22 | |
| Basic commands | 23 | |
| Build / train | 76 | |
| Enter build submenu | 16 | |
| Enter hero's abilities submenu | 7 | |
| Remove unit from queue | 3 | |
| Right click | 351 | |
| Select / deselect | 202 | |
| Select group hotkey | 63 | |
| Use ability | 53 | |
816 total
» units
| Peasant | 12 | |
| Footman | 6 | |
| Knight | 36 | |
54 total
» upgrades
| Plating | 3 | |
| Lumber Harvesting | 2 | |
| Masonry | 1 | |
| Swords | 3 | |
| Animal War Training | 1 | |
10 total
» buildings
| Altar of Kings | 2 | |
| Farm | 12 | |
| Barracks | 2 | |
| Lumber Mill | 1 | |
| Keep | 1 | |
| Castle | 1 | |
| Blacksmith | 1 | |
| Arcane Vault | 1 | |
21 total
» build order
00:10 Altar of Kings
00:16 Altar of Kings
00:22 Farm
00:38 Barracks
01:09 Farm
01:51 Farm
02:23 Lumber Mill
02:48 Farm
03:00 Keep
03:49 Farm
05:31 Castle
05:36 Barracks
05:42 Farm
05:58 Farm
06:07 Blacksmith
12:29 Farm
12:30 Farm
12:32 Farm
12:33 Farm
15:08 Farm
16:35 Arcane Vault

»
6546546541 (
orange | 209 APM | 4520 actions | 21:36)
5 Death Knight
3 Death Coil
2 Unholy Aura
3 Lich
2 Frost Nova
1 Frost Armor
2 Dark Ranger
1 Silence
1 Life Drain
» actions
| Assign group hotkey | 118 | |
| Basic commands | 59 | |
| Build / train | 125 | |
| Enter build submenu | 29 | |
| Enter hero's abilities submenu | 10 | |
| Give item / drop item | 6 | |
| Remove unit from queue | 3 | |
| Right click | 1712 | |
| Select / deselect | 443 | |
| Select group hotkey | 1899 | |
| Use ability | 116 | |
4520 total
» units
| Acolyte | 7 | |
| Ghoul | 10 | |
| Crypt Fiend | 13 | |
| Goblin Shredder | 3 | |
| Obsidian Statue | 5 | |
| Frost Wyrm | 2 | |
40 total
» upgrades
| Creature Attack | 1 | |
| Web | 1 | |
| Creature Carapace | 1 | |
| Burrow | 1 | |
4 total
» buildings
| Ziggurat | 13 | |
| Altar of Darkness | 1 | |
| Crypt | 2 | |
| Graveyard | 1 | |
| Tomb of Relics | 1 | |
| Nerubian Tower | 11 | |
| Halls of the Dead | 3 | |
| Necropolis | 2 | |
| Spirit Tower | 13 | |
| Slaughterhouse | 1 | |
| Black Citadel | 7 | |
| Sacrificial Pit | 1 | |
| Boneyard | 1 | |
57 total
» build order
00:10 Ziggurat
00:15 Altar of Darkness
00:42 Crypt
01:13 Graveyard
01:26 Tomb of Relics
01:28 Nerubian Tower
02:06 Ziggurat
05:10 Ziggurat
06:35 Halls of the Dead
06:38 Necropolis
07:24 Ziggurat
07:26 Ziggurat
07:31 Ziggurat
07:36 Ziggurat
08:29 Nerubian Tower
08:29 Spirit Tower
08:29 Spirit Tower
08:29 Spirit Tower
08:30 Ziggurat
08:43 Crypt
09:00 Ziggurat
10:09 Slaughterhouse
10:38 Spirit Tower
10:38 Spirit Tower
10:38 Spirit Tower
11:13 Spirit Tower
11:41 Spirit Tower
11:41 Spirit Tower
11:44 Ziggurat
11:45 Ziggurat
12:34 Black Citadel
12:34 Black Citadel
12:34 Black Citadel
12:36 Spirit Tower
12:37 Spirit Tower
12:44 Nerubian Tower
12:44 Nerubian Tower
12:44 Nerubian Tower
12:46 Nerubian Tower
12:47 Nerubian Tower
12:47 Nerubian Tower
13:12 Sacrificial Pit
15:58 Boneyard
18:06 Ziggurat
18:07 Ziggurat
20:06 Necropolis
» items
| Rod of Necromancy | 2 | |
| Sacrificial Skull | 1 | |
| Potion of Mana | 2 | |
| Scroll of Town Portal | 1 | |
6 total
C0STCO-SECURITY (
purple | 59 APM | 2393 actions | 40:51)
6 Blademaster
3 Wind Walk
2 Critical Strike
1 Bladestorm
» actions
| Assign group hotkey | 86 | |
| Basic commands | 183 | |
| Build / train | 64 | |
| Enter build submenu | 35 | |
| Enter hero's abilities submenu | 6 | |
| Give item / drop item | 2 | |
| Remove unit from queue | 2 | |
| Right click | 774 | |
| Select / deselect | 259 | |
| Select group hotkey | 765 | |
| Use ability | 217 | |
2393 total
» units
| Peon | 23 | |
| Grunt | 3 | |
| Goblin Shredder | 4 | |
| Wind Rider | 5 | |
35 total
» upgrades
| Ranged Weapons | 3 | |
| Reinforced Defenses | 1 | |
| Envenomed Spears | 1 | |
| Armor | 3 | |
8 total
» buildings
| Altar of Storms | 1 | |
| Orc Burrow | 7 | |
| Barracks | 1 | |
| Voodoo Lounge | 1 | |
| War Mill | 3 | |
| Watch Tower | 39 | |
| Stronghold | 1 | |
| Great Hall | 2 | |
| Fortress | 1 | |
| Beastiary | 4 | |
60 total
» build order
00:08 Altar of Storms
00:24 Orc Burrow
00:37 Barracks
01:20 Orc Burrow
01:57 Voodoo Lounge
03:13 War Mill
04:27 Watch Tower
04:28 Watch Tower
04:28 Watch Tower
04:58 Stronghold
05:23 Great Hall
05:36 Orc Burrow
05:50 Watch Tower
05:58 Watch Tower
07:04 Watch Tower
07:05 Watch Tower
07:09 Watch Tower
08:26 Fortress
08:53 Beastiary
08:58 Beastiary
09:26 Watch Tower
09:26 Watch Tower
09:33 Watch Tower
09:34 Watch Tower
10:21 Watch Tower
10:22 Watch Tower
10:22 Watch Tower
10:24 Watch Tower
10:24 Watch Tower
10:25 Watch Tower
12:31 Beastiary
12:37 Beastiary
12:55 Orc Burrow
12:59 Orc Burrow
13:47 Watch Tower
13:48 Watch Tower
14:33 War Mill
17:10 Watch Tower
17:10 Watch Tower
17:10 Watch Tower
17:11 Watch Tower
17:12 Watch Tower
17:12 Watch Tower
17:13 Watch Tower
17:13 Watch Tower
17:13 Watch Tower
21:02 Orc Burrow
21:02 Orc Burrow
23:20 Great Hall
23:23 Watch Tower
23:23 Watch Tower
23:24 Watch Tower
23:24 Watch Tower
23:26 Watch Tower
23:27 Watch Tower
23:29 Watch Tower
23:29 Watch Tower
23:29 Watch Tower
38:37 War Mill
» items
| Healing Salve | 2 | |
| Lesser Clarity Potion | 1 | |
| Staff of Teleportation | 1 | |
| Boots of Speed | 1 | |
| Potion of Invisibility | 1 | |
| Potion of Mana | 1 | |
| Orb of Lightning | 1 | |
| Tiny Great Hall | 1 | |
| Scroll of Town Portal | 1 | |
10 total
team 2 (winner)

»
SMO (
red | 55 APM | 481 actions | 08:44)
3 Warden
2 Shadow Strike
1 Blink
1 Priestess of the Moon
1 Trueshot Aura
» actions
| Assign group hotkey | 11 | |
| Basic commands | 33 | |
| Build / train | 30 | |
| Enter build submenu | 13 | |
| Enter hero's abilities submenu | 4 | |
| Give item / drop item | 4 | |
| Right click | 165 | |
| Select / deselect | 91 | |
| Select group hotkey | 95 | |
| Use ability | 35 | |
481 total
» units
» upgrades
| Strength of the Wild | 1 | |
| Reinforced Hides | 1 | |
2 total
» buildings
| Altar of Elders | 1 | |
| Moon Well | 4 | |
| Ancient of War | 1 | |
| Tree of Ages | 1 | |
| Hunter's Hall | 1 | |
| Ancient of Wind | 1 | |
| Ancient of Wonders | 1 | |
| Tree of Eternity | 1 | |
| Tree of Life | 1 | |
| Chimaera Roost | 2 | |
14 total
» build order
00:24 Altar of Elders
00:31 Moon Well
01:04 Ancient of War
01:27 Moon Well
02:29 Tree of Ages
02:53 Hunter's Hall
03:30 Moon Well
05:27 Ancient of Wind
05:31 Ancient of Wonders
05:47 Tree of Eternity
07:12 Tree of Life
07:51 Moon Well
08:26 Chimaera Roost
08:27 Chimaera Roost
» items
| Staff of Preservation | 1 | |
| Potion of Healing | 1 | |
2 total

»
daddys (
yellow | 52 APM | 1268 actions | 24:36)
5 Keeper of the Grove
2 Force of Nature
2 Entangling Roots
1 Thorns Aura
1 Priestess of the Moon
1 Trueshot Aura
» actions
| Assign group hotkey | 56 | |
| Basic commands | 23 | |
| Build / train | 102 | |
| Enter build submenu | 21 | |
| Enter hero's abilities submenu | 6 | |
| Right click | 639 | |
| Select / deselect | 335 | |
| Select group hotkey | 34 | |
| Use ability | 52 | |
1268 total
» units
| Wisp | 20 | |
| Archer | 7 | |
| Hippogryph | 28 | |
| Chimaera | 30 | |
| Huntress | 1 | |
86 total
» upgrades
| Strength of the Wild | 2 | |
| Corrosive Breath | 2 | |
4 total
» buildings
| Altar of Elders | 1 | |
| Moon Well | 9 | |
| Ancient of War | 1 | |
| Tree of Ages | 3 | |
| Tree of Eternity | 1 | |
| Ancient of Wind | 2 | |
| Hunter's Hall | 1 | |
| Tree of Life | 2 | |
| Chimaera Roost | 2 | |
| Ancient of Wonders | 2 | |
24 total
» build order
00:09 Altar of Elders
00:13 Moon Well
01:09 Ancient of War
01:30 Moon Well
02:28 Tree of Ages
02:28 Tree of Ages
03:37 Moon Well
04:52 Moon Well
04:54 Tree of Eternity
04:58 Ancient of Wind
05:03 Ancient of Wind
05:26 Hunter's Hall
05:59 Moon Well
06:42 Moon Well
07:20 Tree of Life
07:28 Chimaera Roost
08:17 Chimaera Roost
09:12 Moon Well
10:43 Moon Well
12:02 Moon Well
16:34 Ancient of Wonders
16:42 Ancient of Wonders
23:43 Tree of Life
» items

»
myp3nisisanub (
blue | 67 APM | 1668 actions | 24:56)
7 Archmage
3 Summon Water Elemental
3 Brilliance Aura
1 Mass Teleport
5 Paladin
1 Holy Light
1 Divine Shield
3 Devotion Aura
1 Priestess of the Moon
1 Searing Arrows
» actions
| Build / train | 85 | |
| Enter build submenu | 27 | |
| Enter hero's abilities submenu | 14 | |
| Give item / drop item | 2 | |
| Remove unit from queue | 1 | |
| Right click | 879 | |
| Select / deselect | 563 | |
| Use ability | 95 | |
1668 total
» units
| Peasant | 17 | |
| Footman | 3 | |
| Dragonhawk Rider | 6 | |
| Gryphon Rider | 8 | |
| Chimaera | 1 | |
| Knight | 3 | |
38 total
» upgrades
| Swords | 3 | |
| Armor | 5 | |
| Masonry | 3 | |
| Lumber Harvesting | 2 | |
| Nature's Blessing | 1 | |
| Strength of the Wild | 2 | |
| Reinforced Hides | 2 | |
| Animal War Training | 1 | |
| Cloud | 1 | |
| Storm Hammers | 1 | |
| Plating | 2 | |
23 total
» buildings
| Altar of Kings | 1 | |
| Farm | 9 | |
| Barracks | 1 | |
| Scout Tower | 4 | |
| Arcane Tower | 2 | |
| Town Hall | 2 | |
| Keep | 1 | |
| Blacksmith | 1 | |
| Lumber Mill | 1 | |
| Arcane Vault | 1 | |
| Guard Tower | 2 | |
| Gryphon Aviary | 3 | |
| Castle | 1 | |
| Tree of Life | 1 | |
30 total
» build order
00:05 Altar of Kings
00:07 Farm
00:43 Barracks
01:13 Farm
01:37 Scout Tower
01:49 Farm
02:12 Arcane Tower
04:29 Town Hall
04:56 Scout Tower
04:59 Keep
05:16 Blacksmith
05:25 Farm
05:34 Lumber Mill
06:17 Scout Tower
06:38 Arcane Vault
06:41 Farm
06:44 Guard Tower
07:10 Guard Tower
07:30 Gryphon Aviary
07:55 Castle
09:15 Gryphon Aviary
09:17 Gryphon Aviary
09:41 Tree of Life
10:07 Farm
10:09 Farm
12:59 Scout Tower
15:52 Arcane Tower
16:37 Farm
16:37 Farm
23:44 Town Hall
» items
| Scroll of Town Portal | 2 | |
| Periapt of Vitality | 1 | |
3 total
FieldsOfRape (
teal | 95 APM | 3886 actions | 40:51)
9 Archmage
3 Summon Water Elemental
3 Brilliance Aura
1 Mass Teleport
2 Blizzard
1 Priestess of the Moon
1 Trueshot Aura
» actions
| Assign group hotkey | 91 | |
| Basic commands | 374 | |
| Build / train | 235 | |
| ESC pressed | 19 | |
| Enter build submenu | 81 | |
| Enter hero's abilities submenu | 10 | |
| Give item / drop item | 7 | |
| Right click | 1150 | |
| Select / deselect | 568 | |
| Select group hotkey | 878 | |
| Use ability | 473 | |
3886 total
» units
| Peasant | 34 | |
| Footman | 9 | |
| Goblin Shredder | 4 | |
| Rifleman | 3 | |
| Knight | 2 | |
| Spell Breaker | 1 | |
| Mortar Team | 1 | |
| Goblin Zeppelin | 4 | |
58 total
» upgrades
| Masonry | 3 | |
| Defend | 1 | |
| Lumber Harvesting | 2 | |
| Swords | 3 | |
| Animal War Training | 1 | |
| Long Rifles | 1 | |
| Gunpowder | 3 | |
| Armor | 3 | |
| Magic Sentry | 1 | |
| Sorceress Training | 2 | |
| Priest Training | 2 | |
| Control Magic | 1 | |
| Plating | 3 | |
| Barrage | 1 | |
| Fragmentation Shards | 1 | |
| Flare | 1 | |
| Flying Machine Bombs | 1 | |
| Flak Cannons | 1 | |
| Backpack | 1 | |
32 total
» buildings
| Altar of Kings | 1 | |
| Barracks | 7 | |
| Farm | 11 | |
| Lumber Mill | 2 | |
| Arcane Vault | 1 | |
| Keep | 2 | |
| Town Hall | 2 | |
| Scout Tower | 45 | |
| Arcane Tower | 7 | |
| Guard Tower | 71 | |
| Castle | 6 | |
| Blacksmith | 1 | |
| Arcane Sanctum | 1 | |
| Workshop | 1 | |
| Gryphon Aviary | 5 | |
163 total
» build order
00:11 Altar of Kings
00:12 Barracks
00:14 Farm
00:56 Farm
01:37 Farm
02:26 Farm
03:03 Farm
04:24 Farm
04:32 Lumber Mill
05:17 Arcane Vault
06:16 Keep
06:53 Town Hall
07:46 Scout Tower
07:47 Scout Tower
07:50 Scout Tower
07:53 Scout Tower
09:00 Arcane Tower
09:00 Arcane Tower
09:01 Guard Tower
09:01 Guard Tower
09:01 Guard Tower
09:01 Guard Tower
09:02 Guard Tower
09:02 Guard Tower
09:06 Castle
09:06 Castle
09:06 Castle
09:10 Scout Tower
09:11 Scout Tower
09:18 Scout Tower
09:20 Scout Tower
09:43 Arcane Tower
09:43 Arcane Tower
09:43 Arcane Tower
09:43 Guard Tower
09:44 Guard Tower
09:45 Guard Tower
09:45 Guard Tower
09:59 Guard Tower
10:00 Guard Tower
10:24 Blacksmith
11:09 Town Hall
11:12 Scout Tower
11:13 Scout Tower
11:15 Scout Tower
11:15 Scout Tower
11:25 Scout Tower
11:26 Scout Tower
11:28 Scout Tower
11:30 Scout Tower
11:48 Scout Tower
11:48 Scout Tower
11:49 Scout Tower
11:50 Scout Tower
11:55 Guard Tower
11:55 Guard Tower
11:55 Guard Tower
11:55 Guard Tower
11:56 Guard Tower
11:56 Guard Tower
11:56 Guard Tower
12:20 Guard Tower
12:20 Guard Tower
12:20 Guard Tower
12:22 Guard Tower
12:22 Guard Tower
12:22 Guard Tower
12:25 Guard Tower
12:25 Guard Tower
12:38 Guard Tower
12:38 Guard Tower
12:38 Guard Tower
12:51 Scout Tower
12:52 Scout Tower
12:55 Scout Tower
12:57 Scout Tower
12:57 Scout Tower
12:58 Scout Tower
13:03 Scout Tower
13:28 Scout Tower
13:30 Scout Tower
13:31 Scout Tower
13:31 Scout Tower
13:40 Guard Tower
13:40 Guard Tower
13:40 Guard Tower
13:43 Scout Tower
13:44 Scout Tower
13:47 Scout Tower
13:49 Scout Tower
14:05 Guard Tower
14:05 Guard Tower
14:06 Guard Tower
14:08 Scout Tower
14:12 Scout Tower
14:56 Guard Tower
14:56 Guard Tower
14:59 Guard Tower
14:59 Guard Tower
14:59 Guard Tower
15:03 Arcane Tower
15:03 Arcane Tower
15:03 Guard Tower
15:03 Guard Tower
15:35 Arcane Sanctum
16:34 Barracks
16:35 Barracks
16:37 Barracks
16:38 Barracks
16:40 Barracks
16:43 Barracks
20:09 Scout Tower
20:09 Scout Tower
20:10 Scout Tower
20:10 Scout Tower
20:11 Scout Tower
20:11 Scout Tower
20:12 Scout Tower
20:44 Farm
20:47 Farm
20:48 Farm
20:53 Farm
20:54 Farm
20:58 Guard Tower
20:58 Guard Tower
22:24 Scout Tower
22:29 Lumber Mill
24:59 Guard Tower
25:00 Guard Tower
25:00 Guard Tower
25:46 Workshop
40:04 Gryphon Aviary
40:06 Gryphon Aviary
40:07 Gryphon Aviary
40:08 Gryphon Aviary
40:09 Gryphon Aviary
» items
| Scroll of Regeneration | 6 | |
| Mechanical Critter | 2 | |
| Scroll of Town Portal | 4 | |
| Staff of Sanctuary | 1 | |
| Potion of Healing | 4 | |
| Orb of Fire | 1 | |
18 total
Chat log
(00:14 / Allies) myp3nisisanub: wut u bix wan me 2 maek?
(00:43 / All) FieldsOfRape: A reaping I shall go, a reaping I shall go, hey oh the noddy oh a reaping I shall go
(00:51 / All) FieldsOfRape: A stranger with me there, a stranger with half blind stare
(00:55 / All) myp3nisisanub: dayum son, he warnin u fooz
(01:14 / Allies) SMO: unitS?
(01:16 / All) Landser88: stone cold
(01:17 / All) FieldsOfRape: He sang, a raping I shall go, a raping I shall go, hey oh the noddy oh a raping I shall go
(01:22 / All) myp3nisisanub: he gun run all up in yo hud
(01:32 / All) myp3nisisanub: creep all up in yo projex
(01:36 / Allies) daddys: stfu
(01:43 / All) myp3nisisanub: n take yo kiz
(01:46 / All) FieldsOfRape: So who hopes the next Blizzard game is WCIV?
(01:55 / All) myp3nisisanub: den he gun molest dem
(02:00 / Allies) daddys: quit talking like a nig
(02:02 / All) myp3nisisanub: til dey call hem daddy
(02:05 / All) Landser88: ich hast
(02:15 / All) Landser88: hate!!!!!
(02:23 / All) myp3nisisanub: lern 2 spek deutsch son, itz ich habe
(02:28 / All) myp3nisisanub: u uneducate bix
(02:43 / All) FieldsOfRape: Tyska är för idioten
(02:56 / All) myp3nisisanub: ya teel juz serve u fooz
(03:14 / All) myp3nisisanub: he went all umlaut on yo az
(03:18 / All) FieldsOfRape: Svenska är för det bra män av denna världen
(03:36 / All) myp3nisisanub: boi a fuxing vkin
(03:41 / All) FieldsOfRape: viking, ja
(03:43 / All) myp3nisisanub: n u no how dey run all up on peepz
(03:51 / All) myp3nisisanub: dat wut i say son, vkin
(04:04 / All) myp3nisisanub: dey run all up on yo vilage, n rape n piloge
(04:08 / Allies) FieldsOfRape: I didn't need your help
(04:21 / All) myp3nisisanub: yo mom need mah help 2 cum
(04:36 / All) Landser88: fuck u blue I took german but failed cause I was stoner playing wc3!
(04:38 / All) Landser88: so fuck u
(04:49 / All) myp3nisisanub: dayum son, y so much h8?
(04:58 / All) FieldsOfRape: Every other Germanic language is better
(05:04 / All) myp3nisisanub: itz ich habe bix
(05:05 / All) FieldsOfRape: läs svenska
(05:13 / All) myp3nisisanub: shut it jew
(05:38 / All) myp3nisisanub: we no wut u bout
(05:42 / All) myp3nisisanub: stealing souls n shit
(05:45 / All) FieldsOfRape: norge, sverige, etc är vit
(06:06 / Allies) myp3nisisanub: dayum son, y so mani footz
(06:54 / All) myp3nisisanub: so wut i b sayin nah?
(07:03 / All) myp3nisisanub: bout jews n shiz?
(07:15 / Allies) FieldsOfRape: Stealing all these items but they all suck
(07:25 / Allies) myp3nisisanub: aint no thang 2 me son
(07:49 / All) myp3nisisanub: wut u fooz do down dar?
(08:44 / Allies) myp3nisisanub: hu got dis bix
(09:00 / Allies) myp3nisisanub: sum1 git red
(09:55 / Allies) myp3nisisanub: so hu got hem?
(10:05 / Allies) FieldsOfRape: I need this
(10:15 / Allies) myp3nisisanub: u got dat son
(10:19 / Allies) FieldsOfRape: I can use two
(10:28 / Allies) myp3nisisanub: u cant spare da peonz 2 werk it
(10:37 / Allies) myp3nisisanub: dat will b 5 lez fud 4 yo unitz
(10:48 / Allies) FieldsOfRape: I can afford it, I do it regularly
(10:53 / Allies) FieldsOfRape: 5 more food for so much income
(10:56 / Allies) myp3nisisanub: den cancel
(11:03 / Allies) myp3nisisanub: u got control 2 u no
(11:26 / Allies) myp3nisisanub: wait up yella
(11:27 / Allies) myp3nisisanub: take red wid u
(12:18 / Allies) daddys: im hitting with me and red
(12:27 / Allies) myp3nisisanub: aight lez go den
(13:01 / Allies) myp3nisisanub: lez go sons
(13:03 / Allies) myp3nisisanub: u led
(15:24 / Allies) myp3nisisanub: dip out yella
(15:25 / Allies) myp3nisisanub: regroup
(15:57 / Allies) myp3nisisanub: teel need 2 make mo den juz futz
(15:58 / Allies) myp3nisisanub: n towaz
(16:13 / Allies) FieldsOfRape: I don't know what to get, I dislike dealing with their type of army composition
(16:15 / Allies) FieldsOfRape: takes a lot of work
(16:25 / Allies) myp3nisisanub: lez go gain yella
(16:27 / Allies) FieldsOfRape: I guess mass rifle might work
(16:30 / Allies) myp3nisisanub: i can cloud dem towz
(17:09 / Allies) myp3nisisanub: git da mains fast
(17:12 / Allies) myp3nisisanub: so he cant tp 2 dis thi
(17:26 / Allies) myp3nisisanub: git oj
(18:25 / Allies) daddys: blue get units from side of map
(18:26 / All) C0STCO-SECURITY: oj is tking me!
(18:37 / All) myp3nisisanub: gud
(21:06 / Allies) daddys: fight in the base
(21:52 / All) myp3nisisanub: ya tk dat lil bix
(22:50 / Allies) myp3nisisanub: atke out dey xpo
(23:35 / Allies) myp3nisisanub: it green hu got all da goldz
(24:04 / All) Landser88: fuck everybofy
(24:09 / All) myp3nisisanub: no fux yo mom
(24:49 / Allies) myp3nisisanub: welp i tink u fux us ova royal teel
(24:51 / Allies) myp3nisisanub: i aint gun try
(25:00 / All) FieldsOfRape: wtf
(25:03 / All) FieldsOfRape: He left before I could stab him
(25:07 / All) FieldsOfRape: Said I was gonna fux them over
(25:13 / All) FieldsOfRape: Only green left now
(25:29 / All) C0STCO-SECURITY: i remember the name kylor
(28:10 / All) kylor: why purp?
(28:19 / All) kylor: lol we had the game....
(28:21 / All) C0STCO-SECURITY: is it not obvious
(28:33 / All) FieldsOfRape: You can still win if you beg him maybe
(28:49 / All) kylor: lol not worth it...
(28:57 / All) FieldsOfRape: Why, you have nothing to lose from begging
(28:58 / All) kylor: sad mommy didnt give him enough love
(28:58 / All) C0STCO-SECURITY: why dont u talk kylor
(29:10 / All) C0STCO-SECURITY: u deserved to get tked if u dont talk
(29:14 / All) C0STCO-SECURITY: 4v4 is a man's sport
(29:48 / All) kylor: no need to talk...when you have such a douche on your team
(30:04 / All) FieldsOfRape: Some douches can be reasoned with
(30:06 / All) C0STCO-SECURITY: why u bring my mom into it
(30:09 / All) FieldsOfRape: if you ask nicely he might give the win
(30:33 / All) kylor: clearly you have love issue if you seek attention on the internet through acting out
(30:39 / All) FieldsOfRape: We're not acting
(30:46 / All) FieldsOfRape: This may be a show but it's all reality
(30:58 / All) C0STCO-SECURITY: im a man green
(31:02 / All) C0STCO-SECURITY: i dont have issues
(31:04 / All) kylor: sorry for your sad state of affairs
(31:05 / All) FieldsOfRape: REAL PEOPLE, REAL DRAMA
(31:22 / All) C0STCO-SECURITY: we need to look into the archives im positive kylor whined at us
(31:24 / All) C0STCO-SECURITY: a year ago
(31:25 / All) C0STCO-SECURITY: or so
(31:35 / All) kylor: please do so..
(31:47 / All) FieldsOfRape: stop attacking me
(31:50 / All) FieldsOfRape: Careful with wyverns
(32:12 / All) C0STCO-SECURITY: mom aint with us
(32:17 / All) C0STCO-SECURITY: she left my family for some wal streen guy
(32:23 / All) kylor: not enough love before she died?
(32:36 / All) C0STCO-SECURITY: she definitely is alive, she got me the hobbit on dvd the other day
(32:55 / All) kylor: how nice...late for your birthday though?
(33:05 / All) FieldsOfRape: His birthday is in August
(33:08 / All) kylor: was it because you caught her with your friend?
(33:31 / All) kylor: did you get held back because or your age and never fit in?
(34:03 / All) C0STCO-SECURITY: well
(34:07 / All) C0STCO-SECURITY: i cant find any replays of him
(34:09 / All) C0STCO-SECURITY: thought i hads them
(34:15 / All) kylor: hmmm....interesting
(34:17 / All) C0STCO-SECURITY: he was in a game with fuxsuh but nothing happened
(34:58 / All) C0STCO-SECURITY: clearly kylor has issues
(35:02 / All) C0STCO-SECURITY: since hes sitll in this game
(35:09 / All) kylor: issues with TKers...yep i do
(35:21 / All) C0STCO-SECURITY: i didnt tk without cause, i had great cause
(35:24 / All) C0STCO-SECURITY: you were being arrogant
(35:28 / All) C0STCO-SECURITY: and didnt communicate
(35:35 / All) kylor: lol
(35:39 / All) C0STCO-SECURITY: if you tk non-communicators, it helps the integrity of 4v4rt
(36:11 / All) kylor: i really do feel bad for you and how you were raised...i hope this gives you some outlet and you dont get a gun and kill people
(36:20 / All) kylor: with all that anger you have stored up
(36:26 / All) C0STCO-SECURITY: now you're being ridiculous
(36:28 / All) FieldsOfRape: I don't live in an armed country
(36:46 / All) C0STCO-SECURITY: does canada even have guns laws
(37:01 / All) kylor: yes and you are allowed to have firearms
(37:14 / All) C0STCO-SECURITY: its 100% ok to get ur anger out on something productive, kylor
(37:16 / All) FieldsOfRape: You can get a shitty .22 and similar hunting weapons
(37:17 / All) C0STCO-SECURITY: like a punching bag
(37:19 / All) C0STCO-SECURITY: or a video game
(37:25 / All) C0STCO-SECURITY: it helps the harmony of the body
(37:30 / All) kylor: at the expense of others...that clearly makes sense
(37:33 / All) FieldsOfRape: You won't get above a varmint rifle here easily
(37:48 / All) kylor: hence you still have gun laws and guns
(38:04 / All) C0STCO-SECURITY: im not doing at the expense of others
(38:06 / All) C0STCO-SECURITY: like I said
(38:07 / All) C0STCO-SECURITY: i had cause
(38:15 / All) C0STCO-SECURITY: you were being selfish and arrogant
(38:21 / All) kylor: cause doesnt negate the expense to others....sorry to say
(38:28 / All) C0STCO-SECURITY: if you said "hey purple ill defend ur expos" then yea, u would still have units
(38:52 / All) kylor: didnt need to defend your expos...since my werent...
(39:03 / All) C0STCO-SECURITY: i see
(39:03 / All) FieldsOfRape: Why are you hiding war mills?
(39:06 / All) kylor: i had tanks/gyros he had air....woudnt have been productive
(40:33 / All) C0STCO-SECURITY: ok time to wrap this up
(40:35 / All) C0STCO-SECURITY: i need to eat